 Dungeon Crawl Stone Soup version 0.32-a0-913-g739538afd8 (webtiles) character file.

Game seed: 8741293016898629215

2233 Doorstop00 the Cudgeller (level 9, 0/55 HPs)
             Began as a Gargoyle Fighter on Apr 9, 2024.
             Was an Initiate of the Shining One (penitent).
             Slain by an acid dragon (2 damage)
             ... on level 7 of the Dungeon.
             The game lasted 00:21:37 (5761 turns).

Doorstop00 the Cudgeller (Gargoyle Fighter)         Turns: 5761, Time: 00:21:37

Health: 0/55       AC: 14    Str: 25    XL:     9   Next: 36%
Magic:  9/9        EV:  8    Int:  8    God:    the Shining One [......]
Gold:   298        SH:  4    Dex:  9    Spells: 8/8 levels left

rFire   . . .        v - +0 flail
rCold   . . .        c - +0 buckler
rNeg    + + .        k - +0 chain mail
rPois   ∞            (no helmet)
rElec   +            (no cloak)
rCorr   .            y - +0 pair of gloves
SInv    .            (no boots)
Will    .....        (no amulet) Stlth
                     f - ring of positive energy
HPRegen 0.29/turn    h - +4 ring of protection
MPRegen 0.11/turn

%: no passive effects
@: corroded
A: sickness immunity, AC +6, negative energy resistance 1, electricity
resistance, torment resistance 1, petrification resistance
a: Renounce Religion


You were on level 7 of the Dungeon.
You worshipped the Shining One.
The Shining One was demanding penance.
You visited 2 branches of the dungeon, and saw 8 of its levels.

You collected 298 gold pieces.

Inventory:

Hand Weapons
 v - a +0 flail (weapon)
Armour
 c - a +0 buckler (worn)
 k - a +0 chain mail (worn)
 y - a +0 pair of gloves (worn)
Jewellery
 e - a ring of see invisible
 f - a ring of positive energy (left hand)
 h - a +4 ring of protection (right hand)
Wands
 m - a wand of acid (24)
Scrolls
 a - a scroll of noise
 b - 3 scrolls of immolation {unknown}
 g - a scroll of brand weapon
 i - 3 scrolls of teleportation {unknown}
 j - 3 scrolls of silence
 o - a scroll of blinking
 p - 4 scrolls of identify
 q - a scroll of fog
 r - 2 scrolls of enchant weapon {unknown}
 s - a scroll of enchant armour {unknown}
 t - a scroll of poison {unknown}
 x - 3 scrolls of fear {unknown}
 B - a scroll of summoning {unknown}
 D - a scroll of revelation {unknown}
Potions
 d - a potion of might
 l - a potion of haste
 n - 4 potions of curing
 u - 2 potions of magic
 w - a potion of lignification
 z - a potion of enlightenment
 A - a potion of mutation {unknown}
 C - a potion of invisibility {unknown}


   Skills:
 * Level 6.0 Fighting
 * Level 7.9 Maces & Flails
 * Level 7.1 Armour
 * Level 3.0 Dodging
 * Level 5.7 Shields


You had 8 spell levels left.
You didn't know any spells.
Your spell library contained the following spells:

 Spells                   Type           Power      Damage    Failure   Level
 Passage of Golubria      Tloc           0%         N/A       100%        4
 Silence                  Hex/Air        0%         N/A       100%        5
 Lehudib's Crystal Spear  Conj/Erth      0%         10d2      100%        8


Dungeon Overview and Level Annotations

Branches:
Dungeon (7/15)             Temple (1/1) D:5

Altars:
Ashenzari
Cheibriados
Dithmenos
Fedhas
Gozag
Hepliaklqana
Makhleb
Nemelex Xobeh
Qazlal
Trog
Uskayaw
Vehumet
Wu Jian
Xom
The Shining One
Beogh

Shops:
D:2 (   D:4 =   D:6 (


Innate Abilities, Weirdness & Mutations

You are immune to sickness and miasma.
Your stone body is resilient. (AC +6)
You are immune to poison.
You resist negative energy. (rN+)
You are resistant to electric shocks. (rElec)
You are resistant to unholy torment.
You are immune to petrification.


Message History

The splash of acid hits you. The acid corrodes you!
You sock the acid dragon!
The acid dragon is almost dead.
The acid dragon bites you.
The acid dragon claws you but does no damage.
You barely miss the acid dragon.
The acid dragon is almost dead.
The acid dragon bites you. The acid dragon claws you.
You barely miss the acid dragon.
The acid dragon is almost dead.
The acid dragon spits acid at you. The splash of acid misses you.
You closely miss the acid dragon.
The acid dragon is almost dead.
The acid dragon closely misses you. You block the acid dragon's attack.
You hit the acid dragon but do no damage.
The acid dragon is almost dead.
The acid dragon barely misses you.
The acid dragon claws you but does no damage.
You hit the acid dragon but do no damage.
The acid dragon is almost dead.
The acid dragon bites you but does no damage.
The acid dragon claws you.
* * * LOW HITPOINT WARNING * * *
You barely miss the acid dragon.
The acid dragon is almost dead.
The acid dragon spits acid at you. The splash of acid hits you!
* * * LOW HITPOINT WARNING * * *
The acid corrodes you!
You completely miss the acid dragon.
The acid dragon is almost dead.
The acid dragon barely misses you.
The acid dragon claws you but does no damage.
You completely miss the acid dragon.
The acid dragon is almost dead.
The acid dragon bites you.
* * * LOW HITPOINT WARNING * * *
The acid dragon claws you.
You die...

#.#.# #.####### #.#.#
#.......#####
#.#.####[##..#.....##
#.#.#................
#.#.#.#######.#.###.#
#.#.#.#P...P#..##
####.#>#.#.###.#.#.#
.........# +$#.D)### #.#
.........#.###.#@##....#
.......#.#PcD. #....#
####.#.#.#### #.#.#.#
#.#.#.. ..#.# #.#.#.##
.##. # ..#.#.# #. #
###.#.. #


You could see an acid dragon (catching breath).

Vanquished Creatures
  A rime drake (D:4)
  A vampire (D:7)
  Sigmund (D:4)
  A wyvern (D:7)
  An orc warrior (D:6)
  2 black bears
  3 ogres
  3 centaurs
  3 bullfrogs
  3 bombardier beetles
  2 orc priests
  2 jellies (D:5)
  3 orc wizards
  2 sleepcaps
  2 iguanas
  4 gnolls (D:2)
  7 adders
  A shadow imp (D:7)
  2 ribbon worms (D:2)
  A dart slug (D:2)
  13 orcs
  3 ball pythons (D:2)
  4 bats (D:2)
  6 endoplasms
  4 giant cockroaches
  4 goblins
  5 hobgoblins
  4 quokkas
  2 frilled lizards
  2 kobolds
  5 rats
97 creatures vanquished.

Notes
Turn   | Place    | Note
-------+----------+-------------------------------------------
     0 | D:1      | Doorstop00 the Gargoyle Fighter began the quest for the
                  | Orb.
     0 | D:1      | Reached XP level 1. HP: 14/14 MP: 1/1
    48 | D:1      | Found a faded altar of an unknown god.
   312 | D:1      | Reached XP level 2. HP: 19/19 MP: 2/2
   828 | D:2      | Found Xaunn's Antique Weapon Shoppe.
   909 | D:2      | Reached XP level 3. HP: 24/24 MP: 3/3
  1119 | D:2      | Reached XP level 4. HP: 27/29 MP: 4/4
  1667 | D:3      | Reached XP level 5. HP: 33/33 MP: 5/5
  1828 | D:3      | Found an opulent altar of Gozag.
  2226 | D:4      | Noticed Sigmund
  2226 | D:4      | Noticed an ogre
  2232 | D:4      | Killed Sigmund
  2233 | D:4      | Reached skill level 1 in Dodging
  2233 | D:4      | Reached XP level 6. HP: 33/39 MP: 6/6
  2233 | D:4      | an ogre changed into a rime drake
  2233 | D:4      | Noticed a rime drake
  2244 | D:4      | Killed a rime drake
  2245 | D:4      | Reached skill level 5 in Maces & Flails
  2245 | D:4      | Reached skill level 5 in Armour
  2245 | D:4      | Reached XP level 7. HP: 11/44 MP: 7/7
  2644 | D:4      | Found a stormy altar of Qazlal.
  2743 | D:4      | Found Coixzasu's Jewellery Shop.
  2906 | D:4      | Found a glowing golden altar of the Shining One.
  2914 | D:4      | Became a worshipper of the Shining One
  3001 | D:4      | Was placed under penance by the Shining One
  3266 | D:4      | Reached skill level 5 in Fighting
  3266 | D:4      | Reached XP level 8. HP: 6/49 MP: 8/8
  3496 | D:5      | Entered Level 5 of the Dungeon
  3919 | D:5      | Found a radiant altar of Vehumet.
  4007 | D:5      | Found a blossoming altar of Fedhas.
  4020 | D:5      | Reached skill level 5 in Shields
  4376 | D:5      | Found a staircase to the Ecumenical Temple.
  4393 | D:5      | Found a hazy altar of Hepliaklqana.
  5157 | D:5      | Reached XP level 9. HP: 34/54 MP: 9/9
  5299 | Temple   | Entered the Ecumenical Temple
  5452 | D:6      | Found a roughly hewn altar of Beogh.
  5452 | D:6      | Found the +7 staff of the Meek {protect, meekguard}
  5495 | D:6      | Found Guluy's Weapon Shoppe.
  5563 | D:7      | Found a snail-covered altar of Cheibriados.
  5761 | D:7      | HP: 2/55 [acid dragon (4)]
  5761 | D:7      | Slain by an acid dragon

Illustrated notes

Levels and vault maps discovered:
D:1:      dpeg_arrival_rooms_b, layout_basic, ebering_ecumenical_altar_box,
          serial_bayou_pond_e, grunt_decor_one_mirror
D:2:      layout_loops_ring, serial_shops, shop
D:3:      minmay_octagon_keep, layout_rooms, mainiacjoe_overflow_alcove_2
D:4:      black_bear_nest_2, layout_basic, nicolae_ru_the_path_less_chosen,
          nicolae_qazlal_general_emergency, nicolae_tso_swordbearing_angel,
          serial_shops, nicolae_shop_gaudy_bauble, uniq_sigmund
D:5:      layout_loops_corners, mainiacjoe_overflow_cross_hatched,
          fedhas_altar_2, vehumet_crystals, minmay_temple_entry_enclosed_plants
D:6:      layout_rooms, serial_shops, nicolae_shop_pleasant_corner_grove,
          pf_guarded_unrand_meek
D:7:      layout_basic, cheibriados_altar_1, mainiacjoe_overflow_alcove_4,
          minmay_shattered_shrine
Temple:   hellmonk_temple_of_storms

Skill      XL: |  1  2  3  4  5  6  7  8  9 |
---------------+----------------------------+-----
Maces & Flails | 3 4 5 6 7 |  7.9
Fighting       | 4 5 6 |  6.0
Armour         | 4 5 6 7 |  7.1
Dodging        | 1 2 3 |  3.0
Shields        | 4 5 |  5.7

Action                     |  1- 3 |  4- 6 |  7- 9 || total
---------------------------+-------+-------+-------++-------
  Melee: Flail             |    82 |    99 |   262 ||   443
    Use: Scroll            |     4 |     3 |     4 ||    11
 Armour: Scale mail        |    10 |       |       ||    10
         Chain mail        |    61 |    97 |   297 ||   455
  Dodge: Dodged            |    25 |    33 |   141 ||   199
  Block: Buckler           |    13 |    34 |    88 ||   135

Table legend: (Time is in decaauts)
 A = Elapsed time spent in this place.
 B = Non-inter-level travel time spent in this place.
 C = Inter-level travel time spent in this place.
 D = Time resting spent in this place.
 E = Time spent auto-exploring this place.
 F = Levels seen in this place.
 G = Mean time per level.
                   A        B        C        D        E       F      G
               +--------+--------+--------+--------+--------+-----+--------+
         Total |   5844 |   5594 |    250 |    842 |   3282 |   8 |  730.5 |
       Dungeon |   5772 |   5524 |    248 |    842 |   3282 |   7 |  824.6 |
        Temple |     71 |     70 |      1 |      0 |      0 |   1 |   71.0 |
               +--------+--------+--------+--------+--------+-----+--------+

Top non-repeatable levels by time:
     D:5: 1422 daAuts
     D:4: 1378 daAuts
     D:2: 975 daAuts
     D:1: 712 daAuts
     D:6: 582 daAuts
     D:3: 491 daAuts
     D:7: 208 daAuts
  Temple: 71 daAuts
